 Dungeon Crawl Stone Soup version 0.29-a0-323-g050149af67 (webtiles) character file.

Game seed: 13724284506025954676

1910 Ajdolov the Fighter (level 9, 0/100 HPs)
             Began as an Ogre Cinder Acolyte on Apr 10, 2022.
             Was a High Priest of Ignis.
             Slain by a white ugly thing (33 damage)
             ... on level 7 of the Dungeon.
             The game lasted 00:10:34 (7615 turns).

Ajdolov the Fighter (Ogre Cinder Acolyte)           Turns: 7615, Time: 00:10:35

Health: 0/100      AC:  4    Str: 20    XL:     9   Next: 16%
Magic:  21/21      EV:  9    Int: 19    God:    Ignis [*****.]
Gold:   287        SH:  0    Dex:  4    Spells: 19/24 levels left

rFire   + + .      SeeInvis .   F - +6 flail (protect)
rCold   . . .      Faith    .   (no shield)
rNeg    . . .      Spirit   .   b - +0 robe
rPois   +          Reflect  .   (helmet restricted)
rElec   .          Harm     .   d - +0 cloak
rCorr   .          Rampage  .   (gloves unavailable)
Will    .....                   (boots unavailable)
Stlth   +.........              (no amulet)
HPRegen 0.26/turn               e - ring of protection from fire
MPRegen 0.17/turn               y - ring of poison resistance

@: hasted, very quick
A: large, unfitting armour, tough skin 1
a: Renounce Religion, Fiery Armour, Foxfire Swarm, Rising Flame


You were on level 7 of the Dungeon.
You worshipped Ignis.
Ignis was extremely pleased with you.
You visited 1 branch of the dungeon, and saw 7 of its levels.

You collected 287 gold pieces.

Inventory:

Hand Weapons
 F - a +6 flail of protection (weapon)
Armour
 b - a +0 robe (worn)
 d - a +0 cloak (worn)
Jewellery
 a - a ring of positive energy
 e - a ring of protection from fire (left hand)
 y - a ring of poison resistance (right hand)
Scrolls
 i - a scroll of holy word
 k - 3 scrolls of teleportation
 n - a scroll of vulnerability {unknown}
 o - 2 scrolls of immolation {unknown}
 q - 2 scrolls of magic mapping
 r - a scroll of noise {unknown}
 s - a scroll of blinking {unknown}
 t - a scroll of enchant weapon {unknown}
 v - a scroll of amnesia {unknown}
 B - a scroll of silence {unknown}
 C - a scroll of fog
 D - a scroll of fear {unknown}
 E - 2 scrolls of identify
Potions
 c - 2 potions of might {unknown}
 f - 6 potions of curing
 g - 2 potions of cancellation {unknown}
 h - 4 potions of brilliance {unknown}
 j - 3 potions of haste
 l - 3 potions of attraction {unknown}
 m - a potion of ambrosia {unknown}
 p - 2 potions of degeneration {unknown}
 u - a potion of mutation {unknown}
 w - a potion of heal wounds {unknown}
 x - a potion of flight {unknown}
 z - a potion of invisibility {unknown}
 A - a potion of resistance {unknown}


   Skills:
 + Level 9.5 Fighting
 - Level 2.6 Maces & Flails
 - Level 8.0 Spellcasting
 - Level 6.0 Fire Magic
 * Level 1.9 Ice Magic


You had 19 spell levels left.
You knew the following spells:

 Your Spells              Type           Power      Damage    Failure   Level
a - Scorch                Fire           60%        2d8       1%          2
b - Frozen Ramparts       Ice            30%        1d5       12%         3

Your spell library contained the following spells:

 Spells                   Type           Power      Damage    Failure   Level
 Freeze                   Ice            60%        1d8       4%          1
 Beastly Appendage        Tmut           14%        N/A       9%          1
 Wereblood                Tmut           7%         N/A       14%         2
 Gell's Gravitas          Tloc           7%         N/A       26%         3
 Lesser Beckoning         Tloc           7%         N/A       26%         3
 Spider Form              Tmut/Pois      7%         N/A       26%         3
 Teleport Other           Tloc           7%         N/A       26%         3
 Hailstorm                Conj/Ice       11%        3d5       52%         4


Dungeon Overview and Level Annotations

Branches:
Dungeon (7/15)             Temple (0/1) D:6

Altars:
Elyvilon
Fedhas
Vehumet
Wu Jian
Yredelemnul


Innate Abilities, Weirdness & Mutations

You are too large for most types of armour.
You have tough skin. (AC +1)


Message History

The wraith is moderately damaged.
The wraith's fire resistance burns away.
The wraith closely misses you.
Flames lash the wraith but do no damage.
The wraith hits you but does no damage.
Flames lash the wraith.
The wraith is burned terribly!
The wraith is moderately damaged.
The wraith barely misses you.
Flames lash the wraith.
The wraith is burned terribly!
The wraith is severely damaged.
The wraith hits you. The wraith drains your vigour!
You feel yourself slow down.
Flames lash the wraith.
The wraith is burned terribly!
You destroy the wraith!
Your Ice Magic skill increases to level 1!
Your magical contamination has completely faded away.
You feel yourself speed up.
HP restored.
o - 2 scrolls labelled CEHAGO XEID (gained 1)
a - a ring of positive energy
Found a ring mail.
Found a white marble altar of Elyvilon.
You see here a +0 mace.
Found a whip.
Found an escape hatch in the floor.
A white ugly thing comes into view.
The white ugly thing gurgles horribly!
The white ugly thing attacks as you move away!
The white ugly thing tentacle-slaps you!
The white ugly thing freezes you!!
The white ugly thing tentacle-slaps you!
The white ugly thing freezes you!!
You are too injured to fight recklessly!
You are too injured to fight recklessly!
Unknown command.
You are too injured to fight recklessly!
You feel yourself speed up.
The white ugly thing tentacle-slaps you.
The white ugly thing freezes you!!
You die...

...#####. .# .........
.# #......# .# .......#
.#####
...##############...>.#
......................##
.#.####### #.........
##.#<######## ##u#....#.
#.#.#......## #@# ...#
#...........# #.# ..#
#.####^####.# #.# .# #.#
..... #.###.# # #.#
......#..##.# #.#
......#.....# #.#
.._...^.[#### #.#
......#)## ##.# .....
#.#


You could see a white ugly thing.

Vanquished Creatures
  Grinder (D:6)
  A wraith (D:7)
  Edmund (D:6)
  A water moccasin (D:6)
  2 sky beasts
  A black bear (D:5)
  3 ogres
  A gnoll sergeant (D:5)
  2 necrophages
  2 scorpions
  A howler monkey (D:5)
  3 hounds
  An orc priest (D:4)
  5 iguanas
  4 gnolls (D:5)
  6 adders
  2 white imps
  An ufetubus (D:5)
  4 worms
  4 dart slugs
  13 orcs
  6 ball pythons
  4 bats
  14 endoplasms
  2 giant cockroaches (D:3)
  10 goblins
  10 hobgoblins
  4 kobolds
  5 quokkas
  3 frilled lizards
  5 rats
122 creatures vanquished.

Notes
Turn   | Place    | Note
-------+----------+-------------------------------------------
     0 | D:1      | Ajdolov the Ogre Cinder Acolyte began the quest for the
                  | Orb.
     0 | D:1      | Reached XP level 1. HP: 24/24 MP: 2/2
    99 | D:1      | Reached XP level 2. HP: 32/32 MP: 5/5
   112 | D:1      | Learned a level 2 spell: Scorch
   221 | D:1      | Found a faded altar of an unknown god.
   640 | D:1      | Reached XP level 3. HP: 39/39 MP: 4/7
  1596 | D:2      | Reached XP level 4. HP: 45/48 MP: 3/9
  2562 | D:3      | Found an ornate altar of the Wu Jian Council.
  2566 | D:3      | Noticed a scorpion
  2633 | D:2      | Killed a scorpion
  2634 | D:2      | Reached XP level 5. HP: 33/54 MP: 1/11
  3740 | D:4      | Reached skill level 5 in Spellcasting
  3773 | D:4      | Reached XP level 6. HP: 61/62 MP: 2/13
  3940 | D:4      | Found a radiant altar of Vehumet.
  4613 | D:4      | Reached XP level 7. HP: 66/70 MP: 9/16
  4692 | D:4      | Found a blossoming altar of Fedhas.
  4699 | D:4      | Found a basalt altar of Yredelemnul.
  4872 | D:5      | Entered Level 5 of the Dungeon
  5055 | D:5      | Reached skill level 5 in Fire Magic
  5432 | D:5      | Reached XP level 8. HP: 56/78 MP: 6/19
  6288 | D:6      | Noticed Edmund
  6294 | D:6      | Killed Edmund
  6295 | D:6      | Reached skill level 5 in Fighting
  6527 | D:6      | Reached skill level 6 in Fighting
  6636 | D:6      | Reached skill level 7 in Fighting
  6764 | D:6      | Noticed Grinder
  6770 | D:6      | Killed Grinder
  6771 | D:6      | Reached skill level 8 in Fighting
  6781 | D:6      | Reached skill level 9 in Fighting
  6781 | D:6      | Reached XP level 9. HP: 33/98 MP: 4/21
  7032 | D:6      | Learned a level 3 spell: Frozen Ramparts
  7121 | D:6      | Found a staircase to the Ecumenical Temple.
  7490 | D:7      | Reached skill level 1 in Ice Magic
  7600 | D:7      | Found a white marble altar of Elyvilon.
  7612 | D:7      | Noticed a white ugly thing
  7615 | D:7      | Slain by a white ugly thing

Illustrated notes

Levels and vault maps discovered:
D:1:      eino_arrival_cavern_e, layout_basic, chequers_ecumenical_altar_simple
D:2:      minmay_door_path, layout_loops_ring
D:3:      layout_loops_cross, mainiacjoe_overflow_brackets,
          minmay_divided_ellipse
D:4:      layout_loops_ring, mainiacjoe_overflow_big_doors, kennysheep_mini,
          nicolae_underground_beach
D:5:      layout_basic
D:6:      layout_gridville, minmay_temple_entry_slanted,
          chequers_decorated_corner, minivault_4, uniq_edmund, uniq_grinder
D:7:      layout_basic, lemuel_tele_altar, uniq_duvessa

Skill      XL: |  1  2  3  4  5  6  7  8  9 |
---------------+----------------------------+-----
Spellcasting   | 2 3 4 5 6 7 8 |  8.0
Fire Magic     | 3 4 5 6 |  6.0
Fighting       | 9 |  9.5
Ice Magic      | 1 |  1.9
Maces & Flails | |  2.6

Action                   |  1- 3 |  4- 6 |  7- 9 || total
-------------------------+-------+-------+-------++-------
Melee: Mace              |    47 |    34 |    16 ||    97
       Flail             |       |       |    24 ||    24
 Cast: Scorch            |    25 |    68 |    78 ||   171
  Use: Scroll            |       |       |     6 ||     6
       Potion            |       |       |     1 ||     1
Armor: Robe              |    14 |    24 |    37 ||    75
Dodge: Dodged            |    21 |    29 |    42 ||    92

Table legend: (Time is in decaauts)
 A = Elapsed time spent in this place.
 B = Non-inter-level travel time spent in this place.
 C = Inter-level travel time spent in this place.
 D = Time resting spent in this place.
 E = Time spent auto-exploring this place.
 F = Levels seen in this place.
 G = Mean time per level.
                   A        B        C        D        E       F      G
               +--------+--------+--------+--------+--------+-----+--------+
         Total |   7652 |   7446 |    206 |    836 |   5680 |   7 | 1093.1 |
       Dungeon |   7652 |   7446 |    206 |    836 |   5680 |   7 | 1093.1 |
               +--------+--------+--------+--------+--------+-----+--------+

Top non-repeatable levels by time:
     D:2: 1431 daAuts
     D:4: 1413 daAuts
     D:3: 1286 daAuts
     D:6: 1148 daAuts
     D:5: 1113 daAuts
     D:1: 1036 daAuts
     D:7: 222 daAuts
